 Dungeon Crawl Stone Soup version 0.30-b1-2-g02819fbbbe (webtiles) character file.

Game seed: 2069332040353038039

89 Lolow the Chopper (level 4, 0/37 HPs)
             Began as a Human Berserker on May 17, 2023.
             Was a Believer of Trog.
             Slain by a quokka (3 damage)
             ... on level 3 of the Dungeon.
             The game lasted 00:10:55 (2282 turns).

Lolow the Chopper (Human Berserker)                 Turns: 2282, Time: 00:10:56

Health: 0/37       AC:  3    Str: 19    XL:     4   Next: 84%
Magic:  4/4        EV: 12    Int: 14    God:    Trog [**....]
Gold:   99         SH:  0    Dex: 12    Spells: 3/3 levels left

rFire   . . .        a - +0 hand axe
rCold   . . .        g - orb {*Rage}
rNeg    . . .        k - +0 leather armour
rPois   +            (no helmet)
rElec   .            (no cloak)
rCorr   .            (no gloves)
SInv    .            (no boots)
Will    .....        (no amulet)
Stlth   +            c - +6 ring of intelligence
HPRegen 0.26/turn    n - ring of poison resistance
MPRegen 0.09/turn

%: random rage (20%)
@: on berserk cooldown, slowed, very slow
A: no striking features
a: Renounce Religion, Berserk, Trog's Hand


You were on level 3 of the Dungeon.
You worshipped Trog.
Trog was pleased with you.
You visited 1 branch of the dungeon, and saw 3 of its levels.

You collected 99 gold pieces.

Inventory:

Hand Weapons
 a - a +0 hand axe (weapon)
Armour
 b - a +0 animal skin
 g - an orb of wrath (worn)
 h - a +2 robe of willpower
 k - a +0 leather armour (worn)
Jewellery
 c - a +6 ring of intelligence (left hand)
 n - a ring of poison resistance (right hand)
Scrolls
 d - a scroll of amnesia {unknown}
 e - a scroll of enchant armour {unknown}
 f - 2 scrolls of teleportation
 p - a scroll of poison {unknown}
Potions
 i - a potion of attraction {unknown}
 j - a potion of brilliance {unknown}
 l - a potion of flight
 m - a potion of curing {unknown}
 q - a potion of mutation {unknown}


   Skills:
 + Level 3.8 Fighting
 + Level 4.0 Axes
 + Level 2.2 Armour
 + Level 2.4 Dodging
 + Level 0.5 Stealth


You had 3 spell levels left.
You didn't know any spells.
Your spell library was empty.

Dungeon Overview and Level Annotations

Branches:
Dungeon (3/15)

Altars:

Shops:
D:3 (

Annotations:
D:3 Sigmund, Terence


Message History

An adder comes into view.
Found 5 stones.
The adder hisses angrily.
The adder closely misses you.
You completely miss the adder. The adder misses you.
You closely miss the adder. The adder misses you. x2
You hit the adder but do no damage. The adder barely misses you.
You closely miss the adder.
You recover from your berserk rage.
The adder bites you but does no damage. The adder bites you.
* * * LOW HITPOINT WARNING * * *
A red film seems to cover your vision as you go berserk!
You feel yourself moving faster!
You feel mighty!
You miss the adder. The adder misses you.
Unknown command.
You slash the adder!
The adder is severely wounded.
The adder misses you.
You slash the adder!
You kill the adder!
Trog accepts your kill.
You start resting.
You feel a strong urge to attack something.
You start resting.
You are no longer berserk.
You are exhausted.
You feel yourself slow down.
You start resting.
A ball python comes into view.
The ball python hisses angrily.
You hear a shout!
A kobold comes into view. It is wielding a +0 whip.
A quokka comes into view.
You barely miss the quokka. The quokka bites you.
* * * LOW HITPOINT WARNING * * *
The quokka bites you.
* * * LOW HITPOINT WARNING * * *
The ball python bites you but does no damage.
The ball python barely misses you.
You barely miss the ball python. You hit the quokka. The quokka bites you.
You die...

### #..
#.#########
###.#@r.....#
#...S.#.###.#
#.#.#.# #
#.#.# #.#.#
#.........
......#.###
#.# ##K..#.#
##+##.#
.......
#.....#


You could see a quokka and a ball python.

Vanquished Creatures
  3 adders
  A dart slug (D:1)
  An orc (D:2)
  2 bats
  6 endoplasms
  3 giant cockroaches
  11 goblins
  6 hobgoblins
  A quokka (D:1)
  6 ball pythons
  3 frilled lizards
  7 kobolds
  5 rats
55 creatures vanquished.

Vanquished Creatures (others)
  5 plants (D:1)
5 creatures vanquished.

Grand Total: 60 creatures vanquished

Notes
Turn   | Place    | Note
-------+----------+-------------------------------------------
     0 | D:1      | Lolow the Human Berserker began the quest for the Orb.
     0 | D:1      | Reached XP level 1. HP: 18/18 MP: 1/1
    85 | D:1      | Reached XP level 2. HP: 17/24 MP: 2/2
   318 | D:1      | Found a faded altar of an unknown god.
   330 | D:1      | Reached XP level 3. HP: 25/29 MP: 3/3
   558 | D:1      | Reached ** piety under Trog
   921 | D:2      | Reached XP level 4. HP: 33/35 MP: 4/4
  1962 | D:2      | Reached skill level 4 in Axes
  2018 | D:3      | Found Atiah's Antique Weapon Shop.
  2064 | D:3      | Noticed Sigmund
  2100 | D:3      | Noticed Terence
  2258 | D:3      | HP: 1/37 [Terence/+0 flail (2)]
  2264 | D:3      | HP: 1/37 [adder (2)]
  2282 | D:3      | Slain by a quokka

Illustrated notes

Levels and vault maps discovered:
D:1:      dpeg_chamrin_arrival_tetris, layout_rooms,
          dilly_ecumenical_altar_fadedgnrine
D:2:      layout_basic, kennysheep_generic_room_4
D:3:      layout_basic, nicolae_tso_swordbearing_angel, gup_sewer_entry_bubbles,
          serial_shops, shop, uniq_terence, uniq_jessica,
          uniq_crazy_yiuf_cottage, uniq_robin, uniq_sigmund

Skill      XL: |  1  2  3  4 |
---------------+-------------+-----
Axes           | 4 |  4.0
Fighting       | |  3.8
Armour         | |  2.2
Dodging        | |  2.4
Stealth        | |  0.5

Action                     |  1- 3 |  4- 6 || total
---------------------------+-------+-------++-------
  Melee: Hand axe          |    88 |    96 ||   184
         Punch             |     2 |       ||     2
 Invoke: Berserk           |     2 |     1 ||     3
    Use: Scroll            |     3 |     3 ||     6
         Potion            |       |     2 ||     2
 Armour: Animal skin       |    13 |     4 ||    17
         Leather armour    |       |     6 ||     6
  Dodge: Dodged            |    39 |    74 ||   113
